 Dungeon Crawl Stone Soup version 0.29.1-1-gd02db6906a (webtiles) character file.

Game seed: 3092003779302812597

674 RogueRain17 the Slasher (level 7, -5/50 HPs)
             Began as a Demonspawn Gladiator on Sept 20, 2022.
             Slain by a gnoll sergeant
             ... wielding a +0 vorpal spear
              (10 damage)
             ... on level 5 of the Dungeon.
             The game lasted 00:10:09 (5339 turns).

RogueRain17 the Slasher (Demonspawn Gladiator)      Turns: 5339, Time: 00:10:10

Health: -5/50      AC:  9    Str: 16    XL:     7   Next: 33%
Magic:  7/7        EV: 12    Int:  9    God:
Gold:   378        SH:  4    Dex: 15    Spells: 6/6 levels left

rFire   . . .      SeeInvis .   a - +0 long sword
rCold   . . .      Faith    .   (no shield)
rNeg    . . .      Spirit   .   b - +0 leather armour
rPois   .          Reflect  .   c - +0 helmet
rElec   .          Harm     .   l - +0 cloak
rCorr   .          Rampage  .   (no gloves)
Will    .....                   (no boots)
Stlth   +.........              (no amulet)
HPRegen 0.16/turn               (no ring)
MPRegen 0.20/turn               (no ring)

@: no status effects
A: claws 1, icemail 1, magic regeneration, condensation shield, weakness stinger
1
a: no special abilities


You were on level 5 of the Dungeon.
You visited 1 branch of the dungeon, and saw 5 of its levels.

You collected 378 gold pieces.

Inventory:

Hand Weapons
 a - a +0 long sword (weapon)
Missiles
 d - 3 throwing nets (quivered)
 e - a javelin
Armour
 b - a +0 leather armour (worn)
 c - a +0 helmet (worn)
 l - a +0 cloak (worn)
Jewellery
 f - a ring of fire
Wands
 k - a wand of iceblast (1)
 v - a wand of quicksilver (6)
Scrolls
 g - 4 scrolls of identify {unknown}
 i - 2 scrolls of teleportation {unknown}
 j - 4 scrolls of blinking {unknown}
 o - a scroll of enchant armour {unknown}
 r - 2 scrolls of vulnerability {unknown}
 s - a scroll of fear {unknown}
 t - a scroll of enchant weapon {unknown}
 y - a scroll of noise {unknown}
Potions
 h - a potion of flight {unknown}
 m - a potion of might {unknown}
 n - a potion of cancellation {unknown}
 p - 3 potions of brilliance {unknown}
 q - 2 potions of ambrosia {unknown}
 u - a potion of degeneration {unknown}
 w - a potion of curing
 x - a potion of heal wounds {unknown}


   Skills:
 - Level 2.0 Fighting
 * Level 7.9 Long Blades
 - Level 1.7 Throwing
 - Level 2.6 Dodging


You had 6 spell levels left.
You didn't know any spells.
Your spell library contained the following spells:

 Spells                   Type           Power      Damage    Failure   Level
 Freeze                   Ice            0%         1d3       45%         1
 Magic Dart               Conj           0%         1d3       45%         1
 Call Imp                 Summ           0%         N/A       58%         2
 Frozen Ramparts          Ice            0%         1d1       83%         3
 Mephitic Cloud           Conj/Pois/Air  0%         N/A       83%         3
 Hailstorm                Conj/Ice       0%         3d3       99%         4


Dungeon Overview and Level Annotations

Branches:
Dungeon (5/15)
 Temple: D:4-7

Altars:
Nemelex Xobeh
Ru
Uskayaw
Yredelemnul

Shops:
D:3 :


Innate Abilities, Weirdness & Mutations

You have sharp fingernails.
A meltable icy envelope protects you from harm. (AC +4)
You regenerate magic rapidly.
A meltable shield of frost defends you. (SH +4)
You have a small tail.


Message History

Press: ? - help, Shift-Dir - straight line, f - jelly
Aim: a jelly (100% to hit)
The bolt of dispelling energy misses the gnoll sergeant.
The bolt of dispelling energy hits the gnoll!!
You kill the gnoll!
The bolt of dispelling energy hits the jelly!!
You kill the jelly!
You hear a shout!
The gnoll sergeant hits you from afar with a +0 vorpal spear!
The gnoll sergeant hits you with a +0 vorpal spear!
You hit the gnoll sergeant.
You tail-slap the gnoll sergeant, but do no damage.
The gnoll sergeant is lightly wounded.
The gnoll sergeant hits you with a +0 vorpal spear.
You hit the gnoll sergeant. You tail-slap the gnoll sergeant.
The gnoll sergeant is moderately wounded.
The gnoll sergeant hits you with a +0 vorpal spear.
You hit the gnoll sergeant.
The gnoll sergeant is moderately wounded.
The gnoll sergeant hits you with a +0 vorpal spear.
You barely miss the gnoll sergeant. Your claw misses the gnoll sergeant.
The gnoll sergeant is moderately wounded.
The gnoll sergeant closely misses you.
You barely miss the gnoll sergeant.
The gnoll sergeant is moderately wounded.
The gnoll hits you from afar with a +0 halberd.
* * * LOW HITPOINT WARNING * * *
The gnoll sergeant hits you but does no damage.
You feel better.
The gnoll hits you from afar with a +0 halberd.
The gnoll sergeant hits you but does no damage.
You hit the gnoll sergeant but do no damage.
You tail-slap the gnoll sergeant, but do no damage.
The gnoll sergeant is moderately wounded.
The gnoll sergeant hits you with a +0 vorpal spear.
* * * LOW HITPOINT WARNING * * *
x2 The gnoll hits you from afar with a +0 halberd!
* * * LOW HITPOINT WARNING * * *
The gnoll sergeant hits you from afar with a +0 vorpal spear!
You die...

###.##.##.# #.##)##.# #.......#
####)#### #)# ..... #g# ... #g#
... ####.# ... #..@.# #.# #.####
#.# #.# ####.#######.#
#...<......#.# #########
##.##...>...#.# #.....>.#
##)..#.####..#.#########.#####.##
...........(...#.......#.##......
...)..)####..###............##.##


You could see a gnoll sergeant and a gnoll.

Vanquished Creatures
  An ogre (D:4)
  2 necrophages (D:5)
  A scorpion (D:5)
  2 hounds (D:4)
  2 jellies (D:5)
  2 orc wizards (D:5)
  6 adders
  4 gnolls (D:5)
  A white imp (D:5)
  4 worms
  12 dart slugs
  11 orcs
  5 ball pythons
  6 endoplasms
  3 giant cockroaches
  8 goblins
  4 hobgoblins
  6 jackals
  8 kobolds
  4 quokkas
  6 bats
  3 frilled lizards (D:1)
  8 rats
109 creatures vanquished.

Notes
Turn   | Place    | Note
-------+----------+-------------------------------------------
     0 | D:1      | RogueRain17 the Demonspawn Gladiator began the quest for
                  | the Orb.
     0 | D:1      | Reached XP level 1. HP: 16/16 MP: 1/1
   102 | D:1      | Reached skill level 3 in Long Blades
   285 | D:1      | Gained mutation: A meltable shield of frost defends you.
                  | (SH +4) [demonic ancestry]
   285 | D:1      | Reached XP level 2. HP: 22/22 MP: 2/2
   897 | D:1      | Found a faded altar of an unknown god.
   947 | D:1      | Discovered your monstrous ancestry.
   947 | D:1      | Gained mutation: You have sharp fingernails. [demonic
                  | ancestry]
   947 | D:1      | Reached XP level 3. HP: 23/27 MP: 3/3
  1530 | D:2      | Reached skill level 4 in Long Blades
  2057 | D:3      | Found Kauptad's Book Shoppe.
  2468 | D:3      | Gained mutation: A meltable icy envelope protects you from
                  | harm. (AC +4) [demonic ancestry]
  2468 | D:3      | Reached XP level 4. HP: 6/33 MP: 4/4
  2826 | D:3      | Found a sacrificial altar of Ru.
  2828 | D:3      | Found a basalt altar of Yredelemnul.
  2829 | D:3      | Found a sparkling altar of Nemelex Xobeh.
  3476 | D:4      | Reached skill level 5 in Long Blades
  3499 | D:4      | Found a hide-covered altar of Uskayaw.
  3688 | D:4      | Gained mutation: You have a small tail. [demonic ancestry]
  3688 | D:4      | Reached XP level 5. HP: 31/38 MP: 5/5
  3979 | D:4      | Noticed an ogre
  3982 | D:4      | Killed an ogre
  3983 | D:4      | Reached skill level 6 in Long Blades
  3983 | D:4      | Reached XP level 6. HP: 44/44 MP: 6/6
  4436 | D:5      | Entered Level 5 of the Dungeon
  4706 | D:5      | Reached skill level 7 in Long Blades
  4769 | D:5      | Gained mutation: You regenerate magic rapidly. [demonic
                  | ancestry]
  4769 | D:5      | Reached XP level 7. HP: 46/50 MP: 7/7
  5339 | D:5      | Slain by a gnoll sergeant

Illustrated notes

Levels and vault maps discovered:
D:1:      saegor_arrival_simple_d, layout_basic,
          chequers_ecumenical_altar_twisty, st_stairs_7
D:2:      layout_loops_ring
D:3:      layout_basic, chequers_temple_overflow_statue_of_worship,
          serial_shops, shop, minivault_25, serial_bayou_pond_e,
          roderic_roman_lattice, minmay_cut_off
D:4:      layout_basic, nicolae_uskayaw_murder_on_the_dancefloor,
          kennysheep_generic_room_11
D:5:      kennysheep_slugbush, layout_loops_cross

Skill      XL: |  1  2  3  4  5  6 |
---------------+-------------------+-----
Long Blades    | 3 4 5 6 7 |  7.9
Fighting       | |  2.0
Throwing       | |  1.7
Dodging        | |  2.6

Action                   |  1- 3 |  4- 6 |  7- 9 || total
-------------------------+-------+-------+-------++-------
Melee: Long sword        |   147 |   157 |    41 ||   345
       Tailslap          |       |    18 |     8 ||    26
       Punch             |       |     2 |       ||     2
Evoke: Wand              |       |     4 |     2 ||     6
  Use: Potion            |     3 |       |     1 ||     4
 Stab: Sleeping          |     1 |     1 |       ||     2
Armor: Leather armour    |    37 |    50 |    17 ||   104
Dodge: Dodged            |   103 |    92 |    18 ||   213
Block: Other             |    17 |    15 |     2 ||    34
